 Dungeon Crawl Stone Soup version 0.20-a0-426-gc811625 (webtiles) character file.

1740 Kriby the Thaumaturge (level 8, -8/52 HPs)
             Began as a Mummy Fire Elementalist on Dec 31, 2016.
             Killed from afar by an orc wizard (42 damage)
             ... with an exploding inner flame
             ... hexed by the player character
             ... on level 6 of the Dungeon.
             The game lasted 00:13:54 (6976 turns).

Kriby the Thaumaturge (Mummy Fire Elementalist)     Turns: 6976, Time: 00:13:55

Health: -8/52      AC: 10    Str: 11    XL:     8   Next: 77%
Magic:  8/22       EV: 12    Int: 17    God:
Gold:   353        SH:  0    Dex: 10    Spells: 7/27 levels left

rFire  x . .     SeeInvis .     g - +1 whip (freeze)
rCold  + + +     Gourm    .     a - +0 robe
rNeg   + + +     Faith    .     (no shield)
rPois  ∞         Spirit   .     e - +1 helmet
rElec  .         Reflect  .     (no cloak)
rCorr  .         Harm     .     n - +2 pair of gloves of Nihilism {rC++ Dex-4 Slay+4 Stlth+}
MR     +....                    i - +2 pair of boots {Stlth+}
Stlth  ++++......               (no amulet)
                                (no ring)
                                q - +2 ring of dexterity

@: no status effects
A: no food or potions, fire vulnerability, cold resistance 1, negative energy
resistance 3, torment resistance, unbreathing
a: no special abilities


You were on level 6 of the Dungeon.
You were not hungry.

You visited 1 branch of the dungeon, and saw 6 of its levels.

You collected 353 gold pieces.

Inventory:

Hand Weapons
 g - a +1 whip of freezing (weapon)
Missiles
 p - 21 stones (quivered)
Armour
 a - a +0 robe (worn)
 e - a +1 helmet (worn)
 i - a +2 pair of boots of stealth (worn)
 l - a +0 large shield
 n - the +2 pair of gloves of Nihilism (worn) {rC++ Dex-4 Slay+4 Stlth+}
   (You found it on level 4 of the Dungeon)

   It affects your dexterity (-4).
   It affects your accuracy and damage with ranged weapons and melee attacks
   (+4).
   It greatly protects you from cold.
   It makes you more stealthy.
Jewellery
 h - an uncursed ring of resist corrosion {unknown}
 m - a cursed ring of ice {unknown}
 q - a +2 ring of dexterity (left hand)
Scrolls
 c - 6 scrolls of remove curse
 d - a scroll of identify
 j - 2 scrolls of enchant armour
Books
 b - a book of Flames

   Spells                             Type                      Level
   a - Flame Tongue                   Conjuration/Fire             1
   b - Throw Flame                    Conjuration/Fire             2
   c - Conjure Flame                  Conjuration/Fire             3
   d - Inner Flame                    Hexes/Fire                   3
   e - Sticky Flame                   Conjuration/Fire             4
   f - Fireball                       Conjuration/Fire             5
 k - a book of Burglary

   Spells                             Type                      Level
   a - Swiftness                      Charms/Air                   2
   b - Passwall                       Transmutation/Earth          2
   c - Passage of Golubria            Translocation                4
   d - Lee's Rapid Deconstruction     Earth                        5
   e - Darkness                       Hexes                        6
   f - Invisibility                   Hexes                        6
 o - a book of Geomancy

   Spells                             Type                      Level
   a - Sandblast                      Earth                        1
   b - Passwall                       Transmutation/Earth          2
   c - Stone Arrow                    Conjuration/Earth            3
   d - Petrify                        Transmutation/Earth          4
   e - Lee's Rapid Deconstruction     Earth                        5


   Skills:
 - Level 1.5 Dodging
 - Level 1.5 Stealth
 + Level 10.0 Spellcasting
 + Level 5.2 Conjurations
 + Level 4.6 Fire Magic
 + Level 0.1 Earth Magic


You had 7 spell levels left.
You knew the following spells:

 Your Spells              Type           Power        Failure   Level  Hunger
a - Flame Tongue          Conj/Fire      ####.        1%          1    N/A
b - Conjure Flame         Conj/Fire      ####....     4%          3    N/A
c - Sticky Flame          Conj/Fire      ####....     14%         4    N/A
d - Throw Flame           Conj/Fire      ####..       1%          2    N/A
e - Fireball              Conj/Fire      ####......   38%         5    N/A
f - Swiftness             Chrm/Air       #.......     14%         2    N/A
g - Stone Arrow           Conj/Erth      ###...       10%         3    N/A

Dungeon Overview and Level Annotations

Branches:
Dungeon (6/15)
 Temple: D:4-7

Altars:
Ashenzari
Dithmenos
Fedhas
Kikubaaqudgha
Ru
Vehumet
Xom
Zin


Innate Abilities, Weirdness & Mutations

You do not eat or drink.
Your flesh is vulnerable to fire.
You are immune to poison.
Your flesh is cold resistant. (rC+)
You are immune to negative energy. (rN+++)
You are immune to unholy pain and torment.
You can survive without breathing.


Message History

The orc priest calls down the wrath of Beogh upon you.
Casting: Flame Tongue
Confirm with . or Enter, or press ? or * to list all spells.
Aiming: Flame Tongue
Press: ? - help, Shift-Dir - straight line, f/p - orc priest
Aim: an orc priest (inner flame)
The flame tongue hits something.
Something hits you.
Casting: Flame Tongue
Confirm with . or Enter, or press ? or * to list all spells.
Aiming: Flame Tongue
Press: ? - help, Shift-Dir - straight line, f/p - orc priest
Aim: an orc priest (inner flame)
The flame tongue hits something.
You hear some strange, mumbled words.
A puff of flame appears from out of thin air!
The puff of flame hits you! The fire burns you terribly!
The orc priest invokes the aid of Beogh against you.
The fiery explosion engulfs you! The fire burns you terribly!
Ouch! That really hurt!
You die...

#....##
#.[..#
#....#
#....#
###.##
#....#
#.#####
#....#
#.....#
.....#
#####.# #.#
#.# #@# ..
#§#+###)...
#o§........
#..........
#....(.§...
#......:...
#..........
#.#+#######
#.#


You could see an orc priest (inner flame).

Vanquished Creatures
  Pikel (D:4)
  A sky beast (D:6)
  3 phantoms
  3 ogres
  A centaur (D:5)
  Blork the orc (D:5)
  A water moccasin skeleton (D:5)
  A howler monkey (D:6)
  2 hounds (D:4)
  An orc priest (D:3)
  2 orc wizards
  An iguana (D:4)
  2 worker ants
  A hound skeleton (D:6)
  8 gnolls (D:5)
  6 adders
  A shadow imp (D:5)
  An ooze (D:3)
  4 worms
  A leopard gecko (D:2)
  15 orcs
  8 bats
  7 giant cockroaches
  A goblin (D:2)
  9 hobgoblins
  6 jackals
  6 kobolds
  2 quokkas
  A ball python skeleton (D:4)
  5 frilled lizards
  10 rats
112 creatures vanquished.

Vanquished Creatures (others)
  2 slaves (D:5)
  A worker ant (D:5)
3 creatures vanquished.

Grand Total: 115 creatures vanquished

Notes
Turn   | Place    | Note
-------+----------+-------------------------------------------
     0 | D:1      | Kriby the Mummy Fire Elementalist began the quest for the Orb.
     0 | D:1      | Reached XP level 1. HP: 13/13 MP: 4/4
   345 | D:1      | Reached skill level 3 in Spellcasting
   663 | D:1      | Reached XP level 2. HP: 19/19 MP: 2/6
  1302 | D:1      | Reached skill level 4 in Spellcasting
  1380 | D:2      | Reached XP level 3. HP: 24/24 MP: 4/8
  1929 | D:2      | Reached skill level 5 in Spellcasting
  2107 | D:3      | Reached XP level 4. HP: 27/30 MP: 6/11
  2405 | D:3      | Learned a level 3 spell: Conjure Flame
  2410 | D:3      | Learned a level 4 spell: Sticky Flame
  2413 | D:3      | Learned a level 2 spell: Throw Flame
  2682 | D:3      | Reached skill level 6 in Spellcasting
  2835 | D:3      | Noticed a phantom
  3362 | D:3      | Reached XP level 5. HP: 33/35 MP: 8/14
  3463 | D:3      | Found a sacrificial altar of Ru.
  3507 | D:3      | Killed a phantom
  3507 | D:3      | Reached skill level 7 in Spellcasting
  3684 | D:3      | Noticed an ogre
  3704 | D:3      | Killed an ogre
  3704 | D:3      | Reached skill level 8 in Spellcasting
  3704 | D:3      | Reached XP level 6. HP: 21/41 MP: 10/17
  4042 | D:3      | Found a shattered altar of Ashenzari.
  4100 | D:4      | Reached skill level 1 in Conjurations
  4172 | D:4      | Learned a level 5 spell: Fireball
  4286 | D:4      | Got a pair of bloodstained gloves
  4292 | D:4      | Identified the +2 pair of gloves of Nihilism {rC++ Dex-4 Slay+4 Stlth+} (You found it on level 4 of the Dungeon)
  4363 | D:4      | Reached XP level 7. HP: 35/46 MP: 3/18
  4936 | D:5      | Entered Level 5 of the Dungeon
  5000 | D:5      | Found a shimmering altar of Xom.
  5002 | D:5      | Found a shadowy altar of Dithmenos.
  5002 | D:5      | Found an ancient bone altar of Kikubaaqudgha.
  5004 | D:5      | Found a glowing silver altar of Zin.
  5004 | D:5      | Found a radiant altar of Vehumet.
  5004 | D:5      | Found a shimmering altar of Xom.
  5102 | D:5      | Noticed Pikel
  5239 | D:4      | Killed Pikel
  5239 | D:4      | Reached skill level 9 in Spellcasting
  5239 | D:4      | Reached XP level 8. HP: 27/52 MP: 0/21
  5600 | D:5      | Found a blossoming altar of Fedhas.
  5643 | D:5      | Noticed Blork the orc
  5677 | D:5      | Killed Blork the orc
  6419 | D:5      | Learned a level 2 spell: Swiftness
  6675 | D:6      | Reached skill level 5 in Conjurations
  6957 | D:6      | Learned a level 3 spell: Stone Arrow
  6959 | D:6      | Reached skill level 10 in Spellcasting
  6976 | D:6      | Killed from afar by an orc wizard

Vault maps used:
D:1:      scummos_arrival_star
D:3:      marbit_many_paths, first_bread, nicolae_ru_path_of_blood
D:4:      grunt_decor_arrowhead, hangedman_decor_push
D:5:      kennysheep_mini_moat, doesnt_xom_only_xom, uniq_pikel,
          uniq_blork_the_orc
D:6:      hangedman_abyss_or_decor_lesser_grid

Skill      XL: |  1  2  3  4  5  6  7  8 |
---------------+-------------------------+-----
Spellcasting   | 3 4 5 6 8 9 10 | 10.0
Conjurations   | 2 4 5 |  5.2
Fire Magic     | 3 4 |  4.6
Dodging        | |  1.5
Stealth        | |  1.5
Earth Magic    | |  0.1

Action                   |  1- 3 |  4- 6 |  7- 9 || total
-------------------------+-------+-------+-------++-------
Melee: Unarmed           |     9 |       |       ||     9
       Short sword       |    10 |     6 |       ||    16
       Whip              |       |       |     9 ||     9
 Cast: Flame Tongue      |    70 |   133 |    97 ||   300
       Conjure Flame     |       |     2 |     9 ||    11
       Throw Flame       |       |       |    28 ||    28
       Sticky Flame      |       |       |     7 ||     7
       Stone Arrow       |       |       |     4 ||     4
  Use: Scroll            |       |       |    11 ||    11
 Stab: Sleeping          |     1 |       |       ||     1
Armor: Robe              |    22 |    30 |    20 ||    72
Dodge: Dodged            |    28 |    59 |    32 ||   119
